 Dungeon Crawl Stone Soup version 0.29-a0-275-g389c0b56f3 (webtiles) character file.

Game seed: 16576512196117254417

19 sammy202020 the Twirler (level 2, 0/23 HPs)
             Began as a Demonspawn Gladiator on Mar 13, 2022.
             Slain by Sigmund
             ... wielding a +1 scythe of protection
              (6 damage)
             ... on level 2 of the Dungeon.
             The game lasted 00:01:08 (1069 turns).

sammy202020 the Twirler (Demonspawn Gladiator)      Turns: 1069, Time: 00:01:08

Health: 0/23       AC:  4    Str: 14    XL:     2   Next: 55%
Magic:  2/2        EV: 12    Int:  9    God:
Gold:   128        SH:  0    Dex: 14    Spells: 1/1 levels left

rFire   . . .      SeeInvis .   a - +0 quarterstaff
rCold   . . .      Faith    .   (shield currently unavailable)
rNeg    . . .      Spirit   .   b - +0 leather armour
rPois   .          Reflect  .   c - +0 helmet
rElec   .          Harm     .   (no cloak)
rCorr   .          Rampage  .   (no gloves)
Will    .....                   (no boots)
Stlth   +.........              (no amulet)
HPRegen 0.07/turn               (no ring)
MPRegen 0.08/turn               (no ring)

@: confused
A: powered by death 1
a: no special abilities


You were on level 2 of the Dungeon.
You visited 1 branch of the dungeon, and saw 2 of its levels.

You collected 128 gold pieces.

Inventory:

Hand Weapons
 a - a +0 quarterstaff (weapon)
Missiles
 d - 3 throwing nets (quivered)
 e - a javelin
Armour
 b - a +0 leather armour (worn)
 c - a +0 helmet (worn)
Jewellery
 h - an amulet of magic regeneration
Scrolls
 g - a scroll of magic mapping {unknown}
Potions
 f - 2 potions of curing {unknown}
 i - a potion of brilliance {unknown}


   Skills:
 * Level 2.4 Fighting
 * Level 3.0 Staves
 - Level 1.7 Throwing
 * Level 0.9 Armour
 + Level 2.8 Dodging


You had one spell level left.
You didn't know any spells.
Your spell library was empty.

Dungeon Overview and Level Annotations

Branches:
Dungeon (2/15)

Altars:

Shops:
D:1 *

Annotations:
D:2 Sigmund, Terence


Innate Abilities, Weirdness & Mutations

You regenerate a little health from kills.


Message History

No target in view!
No target in view!
No target in view!
You see here a ball python corpse.
There is a stone staircase leading down here.
i - a lumpy purple potion The golden eye turns its gaze towards you.
The shining eye turns its gaze towards you.
The great orb of eyes turns its gaze towards you.
Done exploring.
Done exploring.
There is a faded altar of an unknown god here.
There is a stone staircase leading down here.
You climb downwards.
There is a stone staircase leading up here.
Sigmund and Terence come into view.
Sigmund is wielding a +1 scythe of protection.
Terence is wielding a +0 flail and carrying a wand of digging (7).
There are monsters nearby!
Sigmund closely misses you.
There is a stone staircase leading up here.
You hear a zap.
Some rock shatters into small pieces.
Sigmund casts a spell at you.
You are confused.
You bump into the rock wall.
Sigmund barely misses you. Terence hits you with a +0 flail.
Sigmund gestures at you while chanting. The puff of flame hits you!
Sorry, you're not good enough to have a special ability.
Unknown command.
Sorry, you're not good enough to have a special ability.
Okay, then.
You completely miss Sigmund. Terence hits you with a +0 flail.
* * * LOW HITPOINT WARNING * * *
Sigmund misses you.
You barely miss Sigmund. Terence hits you but does no damage.
You barely miss Sigmund.
Sigmund says, "Don't worry, I'll kill you fast."
Sigmund hits you with a +1 scythe of protection.
You die...

## #.#
#.# ##
#.# #.
#.#
#.###.#
#.@..<#
#.@@###
#..##
#..#
#..#
#..#
...#
##..#


You could see Sigmund and Terence.

Vanquished Creatures
  3 ball pythons (D:1)
  An endoplasm (D:1)
  5 hobgoblins (D:1)
  3 jackals (D:1)
  2 kobolds (D:1)
  A bat (D:1)
  A rat (D:1)
16 creatures vanquished.

Notes
Turn   | Place    | Note
-------+----------+-------------------------------------------
     0 | D:1      | sammy202020 the Demonspawn Gladiator began the quest for
                  | the Orb.
     0 | D:1      | Reached XP level 1. HP: 16/16 MP: 1/1
    39 | D:1      | Found Gevann's Assorted Antiques.
   325 | D:1      | Found a faded altar of an unknown god.
   325 | D:1      | Noticed a shining eye
   328 | D:1      | Noticed a golden eye
   328 | D:1      | Noticed a shining eye
   328 | D:1      | Noticed a great orb of eyes
   508 | D:1      | Gained mutation: You regenerate a little health from kills.
                  | [demonic ancestry]
   508 | D:1      | Reached XP level 2. HP: 9/22 MP: 2/2
   766 | D:1      | Reached skill level 3 in Staves
  1056 | D:2      | Noticed Sigmund
  1056 | D:2      | Noticed Terence
  1069 | D:2      | Slain by Sigmund

Illustrated notes

Levels and vault maps discovered:
D:1:      psy_arrival_fountain, layout_loops_ring,
          hellmonk_ecumenical_altar_watching_god, serial_shops, shop_coins,
          hangedman_decor_points
D:2:      layout_basic, serial_shops, nicolae_shop_bloodbath_and_beyond,
          uniq_sigmund, uniq_terence

Skill      XL: |  1  2 |
---------------+-------+-----
Staves         | 3 |  3.0
Fighting       | |  2.4
Throwing       | |  1.7
Armour         | |  0.9
Dodging        | |  2.8

Action                   || total
-------------------------++-------
Melee: Quarterstaff      ||    46
Armor: Leather armour    ||    20
Dodge: Dodged            ||    48

Table legend: (Time is in decaauts)
 A = Elapsed time spent in this place.
 B = Non-inter-level travel time spent in this place.
 C = Inter-level travel time spent in this place.
 D = Time resting spent in this place.
 E = Time spent auto-exploring this place.
 F = Levels seen in this place.
 G = Mean time per level.
                   A        B        C        D        E       F      G
               +--------+--------+--------+--------+--------+-----+--------+
         Total |   1075 |   1075 |      0 |      0 |    905 |   2 |  537.5 |
       Dungeon |   1075 |   1075 |      0 |      0 |    905 |   2 |  537.5 |
               +--------+--------+--------+--------+--------+-----+--------+

Top non-repeatable levels by time:
     D:1: 1060 daAuts
     D:2: 15 daAuts
